 Dungeon Sprint DCSS version 0.31-a0-795-g5eb97db20b (webtiles) character file.

Game seed: 12493768332563039953

6612 sircluck the Brawler (level 10, -1/119 HPs)
             Began as a Troll Berserker on Sept 19, 2023.
             Was a High Priest of Trog.
             Slain by a dire elephant (24 damage)
             ... in the Dungeon (Sprint III: "The Ten Rune Challenge").
             The game lasted 00:02:52 (1141 turns).

sircluck the Brawler (Troll Berserker)              Turns: 1141, Time: 00:02:53

Health: -1/119     AC:  4    Str: 31    XL:     10   Next: 71%
Magic:  9/9        EV: 13    Int:  3    God:    Trog [*****.]
Gold:   48         SH:  0    Dex:  9    Spells: 9/9 levels left

rFire   . .          .
                       - Unarmed
rCold   . . .        (no shield)
rNeg    . . .        a - +0 animal skin
rPois   .            (helmet restricted)
rElec   .            (no cloak)
rCorr   .            (gloves unavailable)
SInv    .            (boots unavailable)
Will    .....        (no amulet)
Stlth   +            (no ring)
HPRegen 1.19/turn    (no ring)
MPRegen 0.11/turn

%: no teleportation
@: no status effects
A: large, unfitting armour, claws 3, regeneration 1, shaggy fur 1, tough skin 1
a: Renounce Religion, Berserk, Trog's Hand, Brothers in Arms


You were in the Dungeon.
You worshipped Trog.
Trog was extremely pleased with you.
You visited 1 branch You collected 48 gold pieces.

Inventory:

Armour
 a - a +0 animal skin (worn)
Scrolls
 h - 4 scrolls of identify
 j - a scroll of immolation {unknown}
 l - a scroll of poison {unknown}
Potions
 b - 2 potions of curing
 c - a potion of heal wounds
 d - a potion of haste
 e - 2 potions of magic
 f - a potion of berserk rage
 i - 5 potions of mutation
 k - 3 potions of enlightenment
Miscellaneous
 g - a phial of floods


   Skills:
 + Level 13.1 Fighting
 + Level 12.9 Dodging
 + Level 15.2 Unarmed Combat


You had 9 spell levels left.
You didn't know any spells.
Your spell library was empty.

Dungeon Overview and Level Annotations

Branches:
Dungeon (1/1)

Altars:
Cheibriados
Dithmenos
Elyvilon
Fedhas
Gozag
Hepliaklqana
Kikubaaqudgha
Makhleb
Nemelex Xobeh
Okawaru
Qazlal
Ru
Sif Muna
Trog
Uskayaw
Vehumet
Wu Jian
Xom
Yredelemnul
Zin
The Shining One
Jiyva
Lugonu

Annotations:
D Gastronok


Innate Abilities, Weirdness & Mutations

You are too large for most types of armour.
You have claws for hands.
Your natural rate of healing is unusually fast.
You are covered in fur. (AC +1)
You have tough skin. (AC +1)


Message History

The bat hits the plant.
Something bites the plant!
The bat hits the plant. x2
The dire elephant tramples your iron troll!!
Your iron troll holds its ground!
The dire elephant trunk-slaps your iron troll but does no damage.
Your iron troll bites the dire elephant but does no damage.
Your iron troll claws the dire elephant!
Your iron troll claws the dire elephant but does no damage.
Gastronok bites the plant!
Something bites the plant!
The bat hits the plant.
The bat hits the plant. x2
The dire elephant tramples your iron troll!!
Your iron troll holds its ground!
Your iron troll dies!
Your iron troll's corpse disappears in a puff of smoke!
The bat hits the plant.
Something bites the plant!
Gastronok gurgles horribly!
The dire elephant trumpets!
The bat hits the plant. x2
Gastronok gurgles, "I'll eat you, I will!"
A nearby plant withers and dies.
The dire elephant tramples you!
You hold your ground!
The dire elephant closely misses you. The dire elephant tramples you!!
You hold your ground!
The dire elephant closely misses you.
Gastronok's eyestalks quiver as he mumbles some strange words.
Gastronok puts on a burst of speed!
Unknown command.
The dire elephant tramples you.
You hold your ground!
The dire elephant trunk-slaps you. The dire elephant tramples you!!
* * * LOW HITPOINT WARNING * * *
You hold your ground!
The dire elephant trunk-slaps you.
* * * LOW HITPOINT WARNING * * *
Gastronok mumbles some strange words.
You closely miss the rat.
The rat disappears in a puff of smoke!
The dire elephant tramples you but does no damage.
The dire elephant trunk-slaps you!
* * * LOW HITPOINT WARNING * * *
Unknown command.
Unknown command.
The dire elephant tramples you!!
You die...

▓####'#..~≈≈~~~♣..#...#
▓)...)#.~~≈~~~....#.⌠.#
▓.....#.~≈~~~.....#...#
▓.....#.~~~...)...#'###
▓'#####...........#.).#
▓.....÷...........#___#
▓▓▓▓▓▓▓▓▓▓▓▓▓▓▓▓▓▓▓▓▓▓▓
▓.rwY~≈≈.≈≈~.~♣♣.....♣
▓..b#@≈≈§§≈~≈~♣♣.≈≈≈≈'
▓.r #~.§§§§≈.≈~'†...†#
▓. #~.§§§§~≈≈♣♣♣♣♣♣♣# ▓
#≈≈§§§≈~~~♣ #
####+######


You could see Gastronok (swift), a dire elephant and a river rat (summoned).

Vanquished Creatures
  Erolcha (D)
  A deep elf pyromancer (D)
  An elephant (D)
  2 cane toads (D)
  A rime drake (D)
  A komodo dragon (D)
  5 blink frogs (D)
  A shadow (D)
  2 redbacks (D)
  A spatial vortex (D)
  A swamp drake (D)
  5 two-headed ogres (D)
  3 wandering mushrooms (D)
  A water elemental (D)
  A necrophage (D)
  A jelly (D)
  Jessica (D)
  A necromancer (D)
  A wizard (D)
  3 humans (D)
  A kobold demonologist (D)
  A phantom (D)
  An endoplasm (D)
  A rat (D)
38 creatures vanquished.

Vanquished Creatures (collateral kills)
  A dire elephant (D)
  An elephant (D)
2 creatures vanquished.

Grand Total: 40 creatures vanquished

Notes
Turn   | Place    | Note
-------+----------+-------------------------------------------
     0 | D        | sircluck the Troll Berserker began the quest for the Orb.
     0 | D        | Reached XP level 1. HP: 22/22 MP: 0/0
    13 | D        | Noticed Jessica
    20 | D        | Killed Jessica
    20 | D        | Reached ** piety under Trog
    21 | D        | Reached skill level 4 in Unarmed Combat
    21 | D        | Reached XP level 2. HP: 26/32 MP: 1/1
    64 | D        | Reached XP level 3. HP: 39/39 MP: 2/2
    77 | D        | Reached skill level 5 in Unarmed Combat
   108 | D        | Noticed a water elemental
   111 | D        | Killed a water elemental
   111 | D        | Reached *** piety under Trog
   112 | D        | Reached skill level 5 in Fighting
   112 | D        | Reached skill level 5 in Dodging
   112 | D        | Reached skill level 6 in Unarmed Combat
   112 | D        | Reached XP level 4. HP: 50/50 MP: 3/3
   145 | D        | Found a radiant altar of Vehumet.
   145 | D        | Found a shimmering blue altar of Sif Muna.
   145 | D        | Found an ancient bone altar of Kikubaaqudgha.
   145 | D        | Noticed a wizard
   147 | D        | Killed a wizard
   148 | D        | Reached XP level 5. HP: 57/57 MP: 4/4
   149 | D        | Noticed a chaos spawn
   174 | D        | Found a basalt altar of Yredelemnul.
   174 | D        | Found a shadowy altar of Dithmenos.
   174 | D        | Found a sacrificial altar of Ru.
   176 | D        | Reached **** piety under Trog
   177 | D        | Reached skill level 7 in Unarmed Combat
   188 | D        | Found a hide-covered altar of Uskayaw.
   188 | D        | Found an iron altar of Okawaru.
   188 | D        | Found a bloodstained altar of Trog.
   188 | D        | Found an ornate altar of the Wu Jian Council.
   188 | D        | Noticed a human
   189 | D        | Noticed a human
   202 | D        | Killed a human
   203 | D        | Reached skill level 8 in Unarmed Combat
   203 | D        | Reached XP level 6. HP: 15/71 MP: 5/5
   231 | D        | Killed a human
   232 | D        | Reached skill level 9 in Unarmed Combat
   298 | D        | Found a glowing silver altar of Zin.
   298 | D        | Found a glowing golden altar of the Shining One.
   298 | D        | Found a white marble altar of Elyvilon.
   299 | D        | Noticed a deep elf pyromancer
   304 | D        | HP: 1/72 [deep elf pyromancer/bolt of fire (29)]
   305 | D        | Killed a deep elf pyromancer
   306 | D        | Reached skill level 10 in Unarmed Combat
   306 | D        | Reached XP level 7. HP: 2/81 MP: 6/6
   386 | D        | Noticed a shadow
   394 | D        | Killed a shadow
   395 | D        | Reached XP level 8. HP: 44/92 MP: 7/7
   396 | D        | Reached ***** piety under Trog
   403 | D        | Found a blossoming altar of Fedhas.
   403 | D        | Found a stormy altar of Qazlal.
   403 | D        | Found a snail-covered altar of Cheibriados.
   403 | D        | Found a burning altar of Makhleb.
   403 | D        | Found a shimmering altar of Xom.
   422 | D        | Found a hazy altar of Hepliaklqana.
   422 | D        | Found an opulent altar of Gozag.
   422 | D        | Found a sparkling altar of Nemelex Xobeh.
   422 | D        | Found a corrupted altar of Lugonu.
   422 | D        | Found a viscous altar of Jiyva.
   432 | D        | Reached skill level 11 in Unarmed Combat
   501 | D        | Noticed a two-headed ogre
   510 | D        | Killed a two-headed ogre
   511 | D        | Reached skill level 10 in Fighting
   516 | D        | Noticed Erolcha
   516 | D        | Noticed a two-headed ogre
   520 | D        | Killed Erolcha
   521 | D        | Reached skill level 10 in Dodging
   521 | D        | Reached skill level 12 in Unarmed Combat
   521 | D        | Reached XP level 9. HP: 102/102 MP: 8/8
   525 | D        | Killed a two-headed ogre
   525 | D        | Received a gift from Trog
   532 | D        | Reached skill level 13 in Unarmed Combat
   636 | D        | Noticed a wandering mushroom
   640 | D        | Noticed a wandering mushroom
   642 | D        | Noticed a wandering mushroom
   656 | D        | Killed a wandering mushroom
   826 | D        | Noticed a cane toad
   826 | D        | Noticed a komodo dragon
   826 | D        | Noticed a cane toad
   837 | D        | Killed a cane toad
   838 | D        | Killed a cane toad
   838 | D        | Identified the +9 halberd "Dusmitun" {heavy, *Corrode rC++
                  | rN+ SInv} (Trog gifted it to you in the Dungeon)
   838 | D        | Received a gift from Trog
   842 | D        | Killed a komodo dragon
   842 | D        | Reached ****** piety under Trog
   843 | D        | Reached XP level 10. HP: 105/115 MP: 9/9
   989 | D        | Reached skill level 14 in Unarmed Combat
  1118 | D        | Noticed an elephant
  1118 | D        | Noticed an elephant
  1118 | D        | Noticed a dire elephant
  1118 | D        | Noticed a dire elephant
  1120 | D        | Killed an elephant
  1120 | D        | Received a gift from Trog
  1122 | D        | Killed an elephant
  1123 | D        | Noticed Gastronok
  1131 | D        | Killed a dire elephant
  1132 | D        | Reached skill level 15 in Unarmed Combat
  1141 | D        | Slain by a dire elephant

Illustrated notes

Levels and vault maps discovered:
D:        dungeon_sprint_mu [sprint_mu_entry_forest, sprint_mu_temple_rooms,
          sprint_mu_d1_spiders, sprint_mu_d2_genie, sprint_mu_d3_branching,
          sprint_mu_orc_legion, sprint_mu_elf_gauntlet, sprint_mu_hive_nellie,
          sprint_mu_lair_fedhas, sprint_mu_vaults_butterflies,
          sprint_mu_slime_circle, sprint_mu_swamp_cave, sprint_mu_snake_twists,
          sprint_mu_blade_basic, sprint_mu_crypt_chambers,
          sprint_mu_tomb_spiral, sprint_mu_vestibule_basic,
          sprint_mu_gehenna_hellfire, sprint_mu_dis_giant,
          sprint_mu_tartarus_statrot, sprint_mu_cocytus_islands, sprint_mu_zot1]

Skill      XL: |  1  2  3  4  5  6  7  8  9 10 |
---------------+-------------------------------+-----
Fighting       | 3 4 5 7 8 9 10 11 13 | 13.1
Dodging        | 3 4 5 7 8 9 10 11 12 | 12.9
Unarmed Combat | 4 6 8 10 12 13 15 | 15.2

Action                     |  1- 3 |  4- 6 |  7- 9 | 10-12 || total
---------------------------+-------+-------+-------+-------++-------
  Melee: Unarmed           |    21 |    22 |    69 |    29 ||   141
         Punch             |       |     1 |     4 |     1 ||     6
 Invoke: Berserk           |     1 |     1 |     2 |     1 ||     5
         Brothers in Arms  |       |     1 |       |     1 ||     2
    Use: Scroll            |       |     1 |       |       ||     1
   Stab: Distracted        |       |       |       |     1 ||     1
 Armour: Animal skin       |    11 |    21 |    25 |    31 ||    88
  Dodge: Dodged            |     7 |    12 |    28 |    16 ||    63

Table legend: (Time is in decaauts)
 A = Elapsed time spent in this place.
 B = Non-inter-level travel time spent in this place.
 C = Inter-level travel time spent in this place.
 D = Time resting spent in this place.
 E = Time spent auto-exploring this place.
 F = Levels seen in this place.
 G = Mean time per level.
                   A        B        C        D        E       F      G
               +--------+--------+--------+--------+--------+-----+--------+
         Total |   1155 |   1148 |      7 |    610 |    197 |   1 | 1155.0 |
       Dungeon |   1155 |   1148 |      7 |    610 |    197 |   1 | 1155.0 |
               +--------+--------+--------+--------+--------+-----+--------+

Top non-repeatable levels by time:
       D: 1155 daAuts
